 Dungeon Crawl Stone Soup version 0.26-a0-958-gf3041fb45f (webtiles) character file.

Game seed: 7589672690454897778

3430 Sar the Ducker (level 10, -13/61 HPs)
             Began as a Kobold Necromancer on Nov 30, 2020.
             Was an Initiate of Gozag.
             Blown up by a centaur (27 damage)
             ... with a disintegration bolt
             ... on level 9 of the Dungeon.
             The game lasted 00:27:03 (16824 turns).

Sar the Ducker (Kobold Necromancer)                Turns: 16824, Time: 00:27:03

Health: -13/61     AC:  5    Str:  7    XL:     10   Next: 25%
Magic:  19/19      EV: 21    Int: 19    God:    Gozag
Gold:   1272       SH:  0    Dex: 21    Spells: 14/21 levels left

rFire    . . .     SeeInvis .   a - +2 whip (venom)
rCold    . . .     Faith    .   (shield restricted)
rNeg     . . .     Spirit   .   h - +0 robe
rPois    .         Reflect  .   (no helmet)
rElec    .         Harm     .   l - +0 cloak
rCorr    .         Rampage  .   D - +0 pair of gloves (curse)
MR       .....                  C - +0 pair of boots
Stlth    ++++......             I - amulet of the acrobat
HPRegen  0.20/turn              (no ring)
MPRegen  0.16/turn              G - +6 ring of dexterity (curse)

@: studying Bows
A: small, nightstalker 3
a: Potion Petition, Call Merchant, Bribe Branch, Renounce Religion


You were on level 9 of the Dungeon.
You worshipped Gozag.
Gozag was most pleased with you.
You visited 2 branches of the dungeon, and saw 10 of its levels.

You collected 1324 gold pieces.
You paid 52 gold pieces to Gozag.


Innate Abilities, Weirdness & Mutations

You are small and have problems with some larger weapons.
You are completely attuned to the shadows.


   Skills:
 + Level 6.5 Fighting
 + Level 7.6 Dodging
 - Level 2.6 Stealth
 - Level 6.2 Spellcasting
 - Level 7.1 Summonings
 - Level 7.1 Necromancy


You had 14 spell levels left.
You knew the following spells:

 Your Spells              Type           Power        Failure   Level
c - Call Canine Familiar  Summ           ####....     1%          3
x - Vampiric Draining     Necr           ####......   1%          3
z - Pain                  Necr           ####         1%          1

Your spell library contained the following spells:

 Spells                   Type           Power        Failure   Level
 Animate Skeleton         Necr           ####..       1%          1
 Animate Dead             Necr           ####......   6%          4
 Beastly Appendage        Tmut           #.....       11%         1
 Agony                    Necr           ####....     16%         5
 Slow                     Hex            #.......     17%         2
 Wereblood                Tmut           #.......     17%         2
 Inner Flame              Hex/Fire       #.......     32%         3
 Spider Form              Tmut/Pois      #.........   32%         3
 Ice Form                 Ice/Tmut       #.......     73%         4
 Blade Hands              Tmut           #.........   97%         5
 Invisibility             Hex            #.......     100%        6

Inventory:

Hand Weapons
 a - a +2 whip of venom (weapon)
 b - a +1 dagger of venom
 g - a +0 club
 u - a +0 spear
 x - a cursed +5 scimitar
Missiles
 k - 11 boomerangs (quivered)
Armour
 h - a +0 robe (worn)
 i - a +0 ring mail of poison resistance
 l - a +0 cloak (worn)
 n - a +0 kite shield
 r - quicksilver dragon scales
 C - a +0 pair of boots (worn)
 D - a cursed +0 pair of gloves (worn)
 F - a +3 scale mail of cold resistance
Jewellery
 c - an uncursed ring of flight
 G - a cursed +6 ring of dexterity (right hand)
 I - an amulet of the acrobat (around neck)
 J - a cursed amulet of inaccuracy {unknown}
Wands
 A - a wand of acid (5)
 E - a wand of disintegration (9)
Scrolls
 d - 2 scrolls of blinking
 e - 2 scrolls of fog
 f - 2 scrolls of noise {!r}
 m - 7 scrolls of teleportation {@r4}
 o - 3 scrolls of remove curse
 t - 2 scrolls of enchant armour
 y - a scroll of enchant weapon
Potions
 j - 2 potions of mutation {!q}
 q - 4 potions of brilliance
 s - a potion of might
 v - 2 potions of resistance
 w - 2 potions of berserk rage {!q}
 z - 2 potions of curing {@q1}
 B - a potion of heal wounds {@q2}
Books
 p - a manual of Bows

Dungeon Overview and Level Annotations

Branches:
Dungeon (9/15)             Temple (1/1) D:4            Lair (0/6) D:8
    Orc: D:9-12

Altars:
Ashenzari
Cheibriados
Dithmenos
Elyvilon
Fedhas
Gozag
Hepliaklqana
Kikubaaqudgha
Makhleb
Nemelex Xobeh
Okawaru
Qazlal
Ru
Sif Muna
Trog
Uskayaw
Vehumet
Wu Jian
Xom
Yredelemnul
Zin
The Shining One

Annotations:
D:9 exclusion: wight

...............▒.....▒.....▒
...............▒.....▒.....▒
...............▒.....▒.....▒
...............▒.....▒.....▒
...............▒.....▒.....▒
.▒.............▒...c.▒.....▒
.▒.....▒.......▒.....▒▒▒▒▒▒▒
.▒.....▒.......▒.....▒
.▒.....▒ ......▒K....▒
▒..... ......▒▒▒▒▒▒▒ ......▒
......▒ ......▒ ▒▒....▒
oooo▒....▒ o.oo▒..£.▒
.££o▒....▒


You could see a centaur (corroded).


Message History

The acid corrodes the centaur!!!
The centaur is heavily wounded!
The centaur wields a +0 shortbow!
The centaur shoots an arrow!
The arrow hits you!
Evoke which item? (* to show all) (? for menu, Esc to quit)
Aiming: Disintegrate
Aim: a centaur, wielding a +0 shortbow, quivering 21 arrows and carrying a wand of disintegration (9) (heavily wounded, covered in acid, chance to defeat MR: 65%)
The centaur struggles to resist!
The centaur shoots an arrow!
The arrow misses you!
Unknown command!
Evoke which item? (* to show all) (? for menu, Esc to quit)
Aiming: Disintegrate
Aim: a centaur, wielding a +0 shortbow, quivering 20 arrows and carrying a wand of disintegration (9) (heavily wounded, covered in acid, chance to defeat MR: 65%)
The centaur struggles to resist!
The centaur zaps a wand!
You are blasted!!! * * * don't die
* * * Unknown command!
Evoke which item? (* to show all) (? for menu, Esc to quit)
Aiming: Disintegrate
Aim: a centaur, wielding a +0 shortbow, quivering 20 arrows and carrying a wand of disintegration (8) (heavily wounded, covered in acid, chance to defeat MR: 65%)
The centaur struggles to resist!
The centaur shoots an arrow!
The arrow hits you! * * * don't die
* * * The centaur zaps a wand!
You are blasted!!! rip

Action                   |  1- 3 |  4- 6 |  7- 9 | 10-12 || total
-------------------------+-------+-------+-------+-------++-------
Melee: Club              |     4 |       |       |       ||     4
       Spear             |     4 |       |       |       ||     4
       Whip              |       |    61 |   288 |    50 ||   399
 Cast: Pain              |    47 |    83 |    65 |    18 ||   213
       Vampiric Draining |       |     5 |    21 |     1 ||    27
       Call Canine Famil |       |       |     1 |       ||     1
Evoke: Wand              |       |     7 |     3 |     5 ||    15
  Use: Scroll            |       |    10 |    10 |     1 ||    21
 Stab: Distracted        |     1 |       |     2 |       ||     3
       Sleeping          |     2 |     3 |     9 |     5 ||    19
Armor: Robe              |     3 |    11 |    48 |     8 ||    70
       Ring mail         |       |       |     2 |       ||     2
       Quicksilver drago |       |       |     2 |       ||     2
       Leather armour    |       |       |     1 |       ||     1
Dodge: Dodged            |    22 |    63 |   314 |    58 ||   457

Levels and vault maps discovered:
D:1:      psy_arrival_terrarium, layout_basic
D:2:      layout_loops_ring, nicolae_tso_swordbearing_angel, uniq_sigmund
D:3:      layout_basic, lemuel_crystal_altar, lemuel_crystal_altar,
          general_overflow_altar, old_standard_altar, trog_wizard, uniq_ijyb
D:4:      layout_basic, marbit_many_paths, lemuel_doored_altar,
          lemuel_round_altar, gammafunk_temple_overflow_elements,
          minmay_temple_entry_gardened_gates, minmay_manual_monstrance
D:5:      layout_loops_cross, overflow_temple_1_default, uniq_blork_the_orc
D:6:      layout_rooms, kennysheep_little_box, minmay_liquid_box, st_stairs_1,
          minmay_misc_feat_rows
D:7:      layout_loops_ring, basic_altar
D:8:      layout_basic, lemuel_round_altar, due_lair_maze_entry_diamond,
          serial_corexii_hall, corexii_hall_statues_deadend,
          corexii_hall_statues_l
D:9:      layout_grid_maze, special_room [special_room_orc]
Temple:   jpeg_temple_island

Notes
Turn   | Place    | Note
-------+----------+-------------------------------------------
     0 | D:1      | Sar the Kobold Necromancer began the quest for the Orb.
     0 | D:1      | Reached XP level 1. HP: 10/10 MP: 3/3
   593 | D:1      | Reached XP level 2. HP: 13/15 MP: 1/5
  1581 | D:2      | Noticed an ogre
  1856 | D:1      | Reached skill level 3 in Spellcasting
  1856 | D:1      | Reached XP level 3. HP: 2/19 MP: 1/7
  2221 | D:2      | Learned a level 3 spell: Vampiric Draining
  2568 | D:2      | Reached XP level 4. HP: 20/24 MP: 4/8
  2699 | D:2      | Found a glowing golden altar of the Shining One.
  2810 | D:2      | Noticed Sigmund
  3504 | D:3      | Reached skill level 5 in Necromancy
  3697 | D:3      | Found an opulent altar of Gozag.
  3711 | D:3      | Became a worshipper of Gozag Ym Sagoz the Greedy
  3719 | D:3      | Reached XP level 5. HP: 23/28 MP: 6/10
  3874 | D:3      | Found a white marble altar of Elyvilon.
  4062 | D:3      | Reached skill level 4 in Spellcasting
  4494 | D:3      | Found a broken altar of Ashenzari.
  4688 | D:3      | Found a bloodstained altar of Trog.
  4691 | D:3      | Noticed a wizard
  4703 | D:3      | Killed a wizard
  4991 | D:3      | Found a shimmering altar of Xom.
  5072 | D:3      | Noticed Ijyb
  5190 | D:4      | Noticed a sky beast
  5213 | D:4      | Reached XP level 6. HP: 19/32 MP: 12/12
  5493 | D:4      | Reached skill level 6 in Necromancy
  5545 | D:4      | Found a snail-covered altar of Cheibriados.
  5555 | D:4      | Reached skill level 5 in Spellcasting
  5654 | D:4      | Found a staircase to the Ecumenical Temple.
  5667 | Temple   | Entered the Ecumenical Temple
  6043 | D:4      | Reached XP level 7. HP: 30/36 MP: 9/14
  6836 | D:4      | Found a stormy altar of Qazlal.
  7147 | D:4      | Found a sparkling altar of Nemelex Xobeh.
  7275 | D:4      | Found a radiant altar of Vehumet.
  7275 | D:4      | Found a blossoming altar of Fedhas.
  7482 | D:5      | Entered Level 5 of the Dungeon
  7516 | D:5      | Noticed Blork the orc
  7521 | D:5      | Killed Blork the orc
  7522 | D:5      | Reached skill level 6 in Spellcasting
  7628 | D:5      | Reached skill level 7 in Necromancy
  7628 | D:5      | Reached XP level 8. HP: 41/41 MP: 10/17
  7846 | D:5      | Found a hazy altar of Hepliaklqana.
  8019 | D:5      | Reached skill level 1 in Fighting
  8019 | D:5      | Reached skill level 3 in Dodging
  8684 | D:4      | Found a staircase to the Ecumenical Temple.
  8940 | D:4      | Found a sparkling altar of Nemelex Xobeh.
  9008 | D:4      | Found a snail-covered altar of Cheibriados.
  9042 | D:4      | Found a radiant altar of Vehumet.
  9042 | D:4      | Found a blossoming altar of Fedhas.
  9182 | D:4      | Found a stormy altar of Qazlal.
  9626 | D:4      | Found a staircase to the Ecumenical Temple.
  9979 | D:4      | Found a stormy altar of Qazlal.
 10030 | D:4      | Found a sparkling altar of Nemelex Xobeh.
 10370 | D:4      | Found a snail-covered altar of Cheibriados.
 10401 | D:4      | Found a radiant altar of Vehumet.
 10401 | D:4      | Found a blossoming altar of Fedhas.
 10545 | D:3      | Identified quicksilver dragon scales (You found it on level
                  | 2 of the Dungeon)
 10566 | D:3      | Killed Ijyb
 10567 | D:3      | Reached skill level 2 in Fighting
 10654 | D:3      | Found a white marble altar of Elyvilon.
 10714 | D:3      | Found a broken altar of Ashenzari.
 10886 | D:3      | Found a bloodstained altar of Trog.
 11094 | D:3      | Found an opulent altar of Gozag.
 11316 | D:2      | Reached skill level 4 in Dodging
 11324 | D:2      | Killed Sigmund
 11325 | D:2      | Reached skill level 3 in Fighting
 11678 | D:2      | Found a glowing golden altar of the Shining One.
 12056 | D:6      | Reached skill level 5 in Dodging
 12227 | D:6      | HP: 4/48 [black bear (7)]
 12228 | D:6      | Reached skill level 4 in Fighting
 12837 | D:6      | Reached skill level 6 in Dodging
 12837 | D:6      | Reached XP level 9. HP: 44/53 MP: 9/18
 13188 | D:6      | Found a burning altar of Makhleb.
 13311 | D:6      | Identified the Papyrus of Enchanting Companions
 13342 | D:6      | Learned a level 3 spell: Call Canine Familiar
 13679 | D:7      | Reached skill level 1 in Summonings
 13694 | D:7      | Found a basalt altar of Yredelemnul.
 14223 | D:7      | Reached skill level 2 in Summonings
 14231 | D:7      | Reached skill level 3 in Summonings
 14615 | D:8      | Reached skill level 4 in Summonings
 14762 | D:8      | Reached skill level 5 in Summonings
 15393 | D:8      | Reached skill level 6 in Summonings
 15502 | D:8      | Reached skill level 7 in Summonings
 15631 | D:8      | Reached skill level 5 in Fighting
 15631 | D:8      | Reached XP level 10. HP: 55/59 MP: 12/19
 15868 | D:8      | Found a staircase to the Lair.
 15886 | D:8      | Found a basalt altar of Yredelemnul.
 16051 | D:8      | Noticed a two-headed ogre
 16619 | D:9      | Reached skill level 7 in Dodging
 16658 | D:9      | Reached skill level 6 in Fighting
 16824 | D:9      | Blown up by a centaur

Vanquished Creatures
  Sigmund (D:2)
  A yak (D:8)
  4 water moccasins (D:8)
  A sky beast (D:8)
  An eye of draining (D:9)
  An ice beast (D:5)
  2 orc warriors
  5 black bears
  4 ogres
  Blork the orc (D:5)
  3 bullfrogs
  A scorpion (D:9)
  5 wights
  3 howler monkeys
  A bullfrog zombie (D:6)
  2 centaur skeletons
  2 orc priests
  3 hounds
  A jelly (D:5)
  A bullfrog skeleton (D:6)
  2 iguanas
  Ijyb (D:3)
  4 worker ants
  A hound zombie (D:7)
  A hound skeleton (D:8)
  4 gnolls (D:2)
  16 adders
  2 shadow imps
  A white imp (D:8)
  An ufetubus (D:7)
  2 oozes
  5 leopard geckos
  35 orcs
  3 giant cockroaches
  6 goblins
  4 hobgoblins
  18 jackals
  5 quokkas
  2 ball pythons (D:3)
  2 bats
  3 frilled lizards
  5 kobolds
  5 rats
171 creatures vanquished.

Vanquished Creatures (collateral kills)
  An orc (D:4)
1 creature vanquished.

Vanquished Creatures (others)
  A wizard (D:3)
  A sky beast (D:4)
  An orc wizard (D:4)
  An adder skeleton (D:4)
  26 fungi (D:8)
  32 plants
62 creatures vanquished.

Grand Total: 234 creatures vanquished
